 Dungeon Crawl Stone Soup version 0.30-a0-777-ga9a30cbeda (webtiles) character file.

Game seed: 10951167497195176816

23 jimonade the Chiller (level 3, -7/31 HPs)
             Began as an Ogre Ice Elementalist on Feb 13, 2023.
             Mangled by Sigmund
             ... wielding a +4 scythe
              (9 damage)
             ... on level 2 of the Dungeon.
             The game lasted 00:02:32 (1325 turns).

jimonade the Chiller (Ogre Ice Elementalist)        Turns: 1325, Time: 00:02:33

Health: -7/31      AC:  3    Str: 14    XL:     3   Next: 0%
Magic:  1/7        EV:  9    Int: 16    God:
Gold:   75         SH:  0    Dex:  9    Spells: 7/8 levels left

rFire   . . .      SeeInvis .    a - +0 whip
rCold   . . .      Faith    .    (no shield)
rNeg    . . .      Spirit   .    f - +0 robe
rPois   .          Reflect  .    (helmet restricted)
rElec   .          Harm     .    (no cloak)
rCorr   .          Rampage  .    (gloves unavailable)
Will    .....                    (boots unavailable)
Stlth   +                        (no amulet)
HPRegen 0.25/turn                (no ring)
MPRegen 0.10/turn                (no ring)

@: no status effects
A: large, unfitting armour, tough skin 1
a: no special abilities


You were on level 2 of the Dungeon.
You visited 1 branch of the dungeon, and saw 2 of its levels.

You collected 75 gold pieces.

Inventory:

Hand Weapons
 a - a +0 whip (weapon)
Missiles
 h - 4 large rocks
 i - 9 stones
Armour
 f - a +0 robe (worn)
Scrolls
 d - 4 scrolls of identify {unknown}
 g - a scroll of brand weapon {unknown}
 j - a scroll of enchant weapon {unknown}
 k - a scroll of teleportation {unknown}
Potions
 b - a potion of magic
 c - a potion of might {unknown}
 e - a potion of ambrosia {unknown}


   Skills:
 + Level 1.8 Dodging
 - Level 1.4 Stealth
 * Level 3.1 Spellcasting
 + Level 4.1 Ice Magic


You had 7 spell levels left.
You knew the following spells:

 Your Spells              Type           Power      Damage    Failure   Level
a - Freeze                Ice            60%        1d7       3%          1

Your spell library contained the following spells:

 Spells                   Type           Power      Damage    Failure   Level
 Frozen Ramparts          Ice            30%        1d5       11%         3
 Ozocubu's Armour         Ice            15%        N/A       11%         3
 Summon Ice Beast         Ice/Summ       9%         N/A       63%         4


Dungeon Overview and Level Annotations

Branches:
Dungeon (2/15)

Altars:

Annotations:
D:2 Sigmund


Innate Abilities, Weirdness & Mutations

You are too large for most types of armour.
You have tough skin. (AC +1)


Message History

You freeze Sigmund.
Sigmund is moderately wounded.
The endoplasm hits you. Sigmund hits you with a +4 scythe.
You freeze Sigmund.
Sigmund is heavily wounded.
The endoplasm freezes you.
You are frozen.
You freeze Sigmund.
Sigmund is heavily wounded.
Sigmund casts a spell.
Sigmund flickers and vanishes!
Deactivating autopickup; reactivate with Ctrl-A.
The endoplasm hits you.
You freeze the endoplasm.
The endoplasm is almost dead.
Something hits you. The endoplasm barely misses you.
Casting: Freeze (safe; 3% risk of failure)
Confirm with . or Enter, or press ? or * to list all spells.
You don't know that spell.
Unknown command.
Unknown command.
Casting: Freeze (safe; 3% risk of failure)
Confirm with . or Enter, or press ? or * to list all spells.
Aiming: Freeze (safe; 3% risk of failure)
Press: ? - help, Shift-Dir - straight line, p - endoplasm You freeze something.
The endoplasm freezes you.
You are frozen.
Something hits you!
* * * LOW HITPOINT WARNING * * *
You closely miss something. The endoplasm freezes you.
You are frozen.
* * * LOW HITPOINT WARNING * * *
You completely miss something. Something hits you.
* * * LOW HITPOINT WARNING * * *
The endoplasm barely misses you.
You closely miss something.
The endoplasm hits you but does no damage.
Something hits you!
You die...

##### ...<# ##### # #
########### #####
#.........##########
....###............#......
....##>..........J........
....##..........@{........
....##..........##........
.............#####.......#
.............# #.......#
.............#####@.......
..............@...........
.##..................J....
.##..........$............
.##..........#............


You could see an endoplasm.

Vanquished Creatures
  An endoplasm (D:1)
  A giant cockroach (D:1)
  2 goblins (D:1)
  2 hobgoblins (D:1)
  A quokka (D:1)
  5 ball pythons
  5 bats
  3 frilled lizards
  2 kobolds
  2 rats
24 creatures vanquished.

Notes
Turn   | Place    | Note
-------+----------+-------------------------------------------
     0 | D:1      | jimonade the Ogre Ice Elementalist began the quest for the
                  | Orb.
     0 | D:1      | Reached XP level 1. HP: 16/16 MP: 3/3
   204 | D:1      | Reached XP level 2. HP: 24/24 MP: 0/5
   335 | D:1      | Reached skill level 4 in Ice Magic
  1278 | D:2      | Reached XP level 3. HP: 31/31 MP: 5/7
  1297 | D:2      | Noticed Sigmund
  1324 | D:2      | HP: 1/31 [something (3)]
  1325 | D:2      | Mangled by Sigmund

Illustrated notes

Levels and vault maps discovered:
D:1:      dpeg_arrival_signposts, layout_basic, minmay_tripent
D:2:      cheibrodos_old_hovel, layout_basic, chequers_serial_rivers_room_a,
          uniq_sigmund, uniq_robin

Skill      XL: |  1  2 |
---------------+-------+-----
Ice Magic      | 4 |  4.1
Spellcasting   | 3 |  3.1
Dodging        | |  1.8
Stealth        | |  1.4

Action                     || total
---------------------------++-------
  Melee: Unarmed           ||     1
         Whip              ||     3
   Cast: Freeze            ||    40
 Armour: Robe              ||    13
  Dodge: Dodged            ||    20

Table legend: (Time is in decaauts)
 A = Elapsed time spent in this place.
 B = Non-inter-level travel time spent in this place.
 C = Inter-level travel time spent in this place.
 D = Time resting spent in this place.
 E = Time spent auto-exploring this place.
 F = Levels seen in this place.
 G = Mean time per level.
                   A        B        C        D        E       F      G
               +--------+--------+--------+--------+--------+-----+--------+
         Total |   1324 |   1229 |     95 |      8 |    943 |   2 |  662.0 |
       Dungeon |   1324 |   1229 |     95 |      8 |    943 |   2 |  662.0 |
               +--------+--------+--------+--------+--------+-----+--------+

Top non-repeatable levels by time:
     D:1: 1061 daAuts
     D:2: 263 daAuts
